 Dungeon Crawl Stone Soup version 0.30-a0-1160-g6e42c06551 (webtiles) character file.

Game seed: 12676718207851005765

19 Dittersdorf the Shield-Bearer (level 2, -1/19 HPs)
             Began as a Gargoyle Fighter on Apr 25, 2023.
             Slain by Terence
             ... wielding a +0 mace
              (8 damage)
             ... on level 2 of the Dungeon.
             The game lasted 00:00:40 (969 turns).

Dittersdorf the Shield-Bearer (Gargoyle Fighter)     Turns: 969, Time: 00:00:40

Health: -1/19      AC:  9    Str: 19    XL:     2   Next: 75%
Magic:  2/2        EV:  9    Int:  8    God:
Gold:   77         SH:  4    Dex:  9    Spells: 1/1 levels left

rFire   . . .        a - +0 flail
rCold   . . .        c - +0 buckler
rNeg    + . .        b - +0 scale mail
rPois   ∞            (no helmet)
rElec   +            (no cloak)
rCorr   .            (no gloves)
SInv    .            (no boots)
Will    .....        (no amulet) Stlth
                     (no ring)
HPRegen 0.23/turn    (no ring)
MPRegen 0.08/turn

%: no passive effects
@: no status effects
A: sickness immunity, AC +2, negative energy resistance 1, electricity
resistance, torment resistance 1, petrification resistance
a: no special abilities


You were on level 2 of the Dungeon.
You visited 1 branch of the dungeon, and saw 2 of its levels.

You collected 77 gold pieces.

Inventory:

Hand Weapons
 a - a +0 flail (weapon)
Armour
 b - a +0 scale mail (worn)
 c - a +0 buckler (worn)
Scrolls
 f - 2 scrolls of amnesia {unknown}
 i - a scroll of blinking {unknown}
 j - a scroll of fear {unknown}
 k - a scroll of fog {unknown}
Potions
 d - a potion of might
 e - 2 potions of curing {unknown}
 g - a potion of attraction {unknown}
 h - a potion of cancellation {unknown}


   Skills:
 + Level 3.5 Fighting
 + Level 2.3 Maces & Flails
 + Level 3.5 Armour
 + Level 3.6 Shields


You had one spell level left.
You didn't know any spells.
Your spell library contained the following spells:

 Spells                   Type           Power      Damage    Failure   Level
 Ensorcelled Hibernation  Hex/Ice        0%         N/A       94%         2
 Spider Form              Tmut/Pois      0%         N/A       99%         3
 Anguish                  Hex/Necr       0%         N/A       100%        4


Dungeon Overview and Level Annotations

Branches:
Dungeon (2/15)

Altars:
Trog

Annotations:
D:2 Terence


Innate Abilities, Weirdness & Mutations

You are immune to sickness and miasma.
Your stone body is resilient. (AC +2)
You are immune to poison.
You resist negative energy. (rN+)
You are resistant to electric shocks. (rElec)
You are resistant to unholy torment.
You are immune to petrification.


Message History

No target in view!
No target in view!
No target in view!
No target in view!
f - 2 scrolls labelled OLLADD LIAGHEU (gained 1)
Found a bloodstained altar of Trog.
You see here a +0 mace.
e - 2 sapphire potions (gained 1)
There is a bloodstained altar of Trog here.
You open the door.
Terence and a hobgoblin come into view.
Terence shouts!
Found a sapphire potion.
Terence closely misses you.
There is an open door here.
You hit Terence but do no damage.
A rat comes into view.
Terence hits you with a +0 mace!
An adder comes into view.
You closely miss Terence.
The adder hisses angrily.
Terence hits you but does no damage.
You hit Terence.
Terence is moderately wounded.
You block the hobgoblin's attack. Terence hits you but does no damage.
Terence barely misses you. The hobgoblin hits you.
You barely miss Terence.
Terence is moderately wounded.
The hobgoblin closely misses you. Terence hits you with a +0 mace.
You barely miss Terence.
Terence is moderately wounded.
The hobgoblin barely misses you. Terence barely misses you.
The adder bites you but does no damage.
You hit Terence but do no damage.
Terence is moderately wounded.
The hobgoblin hits you. You block Terence's attack.
The adder closely misses you. The hobgoblin hits you.
The rat twitches its whiskers.
Terence hits you with a +0 mace!
You die...

#. .# #. #######
#.# ## .......
#.#.# # .......
#.#.# ..#####
....... #.#.####
#.....# .......
#.#....# #####..
......S##.#....+
.......
..!..r@@..#....#
#######
......g#.......#
#....
.......#.......#
#....
.......#.......#
#....
.......####....#
##### .......
#....# .......
#....#########
.......
###.............
#...............


You could see Terence, an adder, a hobgoblin and a rat.

Vanquished Creatures
  A dart slug (D:1)
  A giant cockroach (D:1)
  A goblin (D:2)
  A hobgoblin (D:1)
  4 jackals (D:2)
  2 kobolds
  A frilled lizard (D:1)
  5 rats
16 creatures vanquished.

Notes
Turn   | Place    | Note
-------+----------+-------------------------------------------
     0 | D:1      | Dittersdorf the Gargoyle Fighter began the quest for the
                  | Orb.
     0 | D:1      | Reached XP level 1. HP: 14/14 MP: 1/1
   138 | D:1      | Reached XP level 2. HP: 19/19 MP: 2/2
   942 | D:2      | Found a bloodstained altar of Trog.
   962 | D:2      | Noticed Terence
   969 | D:2      | Slain by Terence

Illustrated notes

Levels and vault maps discovered:
D:1:      minmay_arrival_solitary_statue, layout_basic, serial_aquarium,
          aquarium_bridge_island_large [aquarium_subvault_large_water,
          aquarium_subvault_bridge, aquarium_subvault_balcony,
          aquarium_subvault_window, aquarium_subvault_wall], aquarium_window_2,
          aquarium_window_corner, aquarium_window_2, aquarium_view_2g,
          aquarium_view_2e, aquarium_balcony_double_1, aquarium_pool_2
D:2:      layout_basic, basic_altar, uniq_terence

Action                     || total
---------------------------++-------
  Melee: Flail             ||    78
 Armour: Scale mail        ||    53
  Dodge: Dodged            ||    55
  Block: Buckler           ||    25

Table legend: (Time is in decaauts)
 A = Elapsed time spent in this place.
 B = Non-inter-level travel time spent in this place.
 C = Inter-level travel time spent in this place.
 D = Time resting spent in this place.
 E = Time spent auto-exploring this place.
 F = Levels seen in this place.
 G = Mean time per level.
                   A        B        C        D        E       F      G
               +--------+--------+--------+--------+--------+-----+--------+
         Total |    992 |    955 |     37 |      0 |    785 |   2 |  496.0 |
       Dungeon |    992 |    955 |     37 |      0 |    785 |   2 |  496.0 |
               +--------+--------+--------+--------+--------+-----+--------+

Top non-repeatable levels by time:
     D:1: 776 daAuts
     D:2: 216 daAuts
